 Dungeon Crawl Stone Soup version 0.14-a0-1844-g8283a67 (webtiles) character file.

140 Kae the Ruffian (level 4, 0/35 HPs)
             Began as a Draconian Transmuter on Jan 13, 2014.
             Slain by an orc
             ... wielding a -1,+1 orcish hand axe
              (2 damage)
             ... on Level 3 of the Dungeon.
             The game lasted 00:01:49 (2417 turns).

Kae the Ruffian (Draconian Transmuter)              Turns: 2417, Time: 00:01:49

HP   0/35        AC  5     Str 13      XL: 4   Next: 25%
MP   6/7         EV 12     Int 10 (13) God:
Gold 55          SH  0     Dex 12      Spells:  1 memorised,  6 levels left

rFire  . . .     SeeInvis .       - Unarmed
rCold  . . .     Clarity  .     (armour unavailable)
rNeg   . . .     Conserve .     (no shield)
rPois  .         rCorr    .     (helmet restricted)
rElec  .         rRot     .     (no cloak)
SustAb . .       Spirit   .     (no gloves)
rMut   .         Warding  .     (boots unavailable)
Saprov . . .     Stasis   .     (no amulet)
                                (no ring)
                                (no ring)

@: appendage (expiring), slightly resistant to hostile enchantments, unstealthy
A: unfitting armour, talons 3, AC +5
a: End Transformation


You were on level 3 of the Dungeon.
You were hungry.
You had grown temporary talons.
You visited 1 branch of the dungeon, and saw 3 of its levels.

You collected 55 gold pieces.

Inventory:

Missiles
 b - 53 arrows
 q - 7 tomahawks (quivered)
Comestibles
 a - 4 bread rations
 k - 10 strawberries
 o - a pear
 p - a choko
Scrolls
 c - 4 scrolls of identify {unknown}
 e - a scroll of curse armour {unknown}
 f - a scroll of teleportation {unknown}
 g - a scroll of curse weapon {unknown}
 h - 3 scrolls of remove curse {unknown}
 m - a scroll of amnesia {unknown}
Jewellery
 n - an uncursed amulet of inaccuracy {unknown}
Books
 d - a book of Changes

   Spells                             Type                      Level
   *Beastly Appendage                 Transmutation                1
   Sticks to Snakes                   Transmutation                2
   Spider Form                        Transmutation/Poison         3
   Ice Form                           Ice/Transmutation            4
   Blade Hands                        Transmutation                5


   Skills:
 - Level 1.1 Fighting
 - Level 1.7 Dodging
 + Level 5.1 Unarmed Combat
 - Level 2.0 Spellcasting
 - Level 2.0 Transmutations


You had 6 spell levels left.
You knew the following spells:

 Your Spells              Type           Power        Failure   Level  Hunger
a - Beastly Appendage     Trmt           #.....       14%         1    ##.....


Dungeon Overview and Level Annotations

Branches:
Dungeon (3/16)

Altars:
Trog


Innate Abilities, Weirdness & Mutations

Your plain brown scales are hard (AC +5).
Your body does not fit into most forms of armour.
Your cold-blooded metabolism reacts poorly to cold.
You have claws for feet.


Message History

Confirm with . or Enter, or press ? or * to list all spells.
Your feet morph into talons.
The orc closely misses you.
The orc hits you with a glowing orcish war axe.
The orc hits you with an orcish hand axe!
* * * LOW HITPOINT WARNING * * *
You closely miss the orc. Your kick misses the orc. The orc barely misses you.
You barely miss the orc.
Your tail-slap misses the orc.
Your transformation is almost over.
The orc closely misses you.
The orc hits you with a glowing orcish war axe.
* * * LOW HITPOINT WARNING * * *
You hit the orc.
The orc is moderately wounded.
The orc hits you with an orcish hand axe.
* * * LOW HITPOINT WARNING * * *
You closely miss the orc. You claw the orc, but do no damage.
The orc is moderately wounded.
The orc barely misses you.
The orc hits you with an orcish hand axe.
You die...

. . .... ...8 #...
.8.. ... ... .. ..
#. .##
######.##..#####
##................
........@.%.......
.......oo..#.#####
...........#
..........#
.....#.####
....... #.....
..... ....


You could see 2 orcs.

Vanquished Creatures
  A scorpion (D:2)
  An adder (D:2)
  An ooze (D:1)
  An orc (D:2)
  7 goblins
  7 hobgoblins
  9 kobolds
  A quokka (D:2)
  10 bats
  3 giant cockroaches
  3 giant newts
  2 rats (D:2)
46 creatures vanquished.

Notes
Turn   | Place    | Note
--------------------------------------------------------------
     0 | D:1      | Kae, the Draconian Transmuter, began the quest for the Orb.
     0 | D:1      | Reached XP level 1. HP: 16/16 MP: 3/3
   101 | D:1      | Reached XP level 2. HP: 2/23 MP: 4/4
   771 | D:1      | Reached skill level 4 in Unarmed Combat
  1055 | D:1      | Reached XP level 3. HP: 28/28 MP: 6/6
  1715 | D:2      | Found a bloodstained altar of Trog.
  2117 | D:2      | Reached skill level 5 in Unarmed Combat
  2117 | D:2      | Reached XP level 4. HP: 7/35 MP: 7/7
  2417 | D:3      | Slain by an orc

Action                   |  1- 3 |  4- 6 || total
-------------------------+-------+-------++-------
Melee: Unarmed           |   190 |     4 ||   194
 Cast: Beastly Appendage |     7 |     1 ||     8
  Use: Potion            |     4 |       ||     4
 Stab: Sleeping          |     1 |       ||     1
